 Dungeon Crawl Stone Soup version 0.30-a0-989-g0d87f670db (webtiles) character file.

Game seed: 5052723213460345643

3039 jasper the Poker (level 9, -1/68 HPs)
             Began as a Demonspawn Reaver on Apr 3, 2023.
             Was an Initiate of Ashenzari.
             Killed from afar by an electric eel (8 damage)
             ... with a bolt of electricity
             ... on level 8 of the Dungeon.
             The game lasted 00:13:34 (6901 turns).

jasper the Poker (Demonspawn Reaver)                Turns: 6901, Time: 00:13:35

Health: -1/68      AC: 13    Str: 12    XL:     9   Next: 56%
Magic:  12/12      EV: 17    Int: 25    God:    Ashenzari [......]
Gold:   264        SH:  5    Dex: 16    Spells: 9/12 levels left

rFire   + + .      SeeInvis .    a - +0 spear
rCold   . . .      Faith    .    j - +0 buckler of Toth-Mos's Legacy {Evo, Comp} (curse)
rNeg    . . .      Spirit   .    l - +3 ring mail
rPois   .          Reflect  .    (helmet restricted)
rElec   .          Rampage  +    y - +0 cloak
rCorr   .                        (no gloves)
Will    .....                    p - +2 pair of boots of Foolhardiness {Rampage rF++ Dex+4}
Stlth   +                        (no amulet)
HPRegen 0.31/turn                d - +6 ring of intelligence
MPRegen 0.13/turn                q - +5 ring of evasion

@: no status effects
A: horns 2, demonic guardian 1
a: Renounce Religion, Shatter the Chains


You were on level 8 of the Dungeon.
You worshipped Ashenzari.
Ashenzari was noncommittal.
You visited 2 branches of the dungeon, and saw 9 of its levels.

You collected 264 gold pieces.

Inventory:

Hand Weapons
 a - a +0 spear (weapon)
Missiles
 e - 2 boomerangs (quivered)
 m - 4 poisoned darts
 s - 2 throwing nets
Armour
 b - a +0 leather armour
 i - a +0 ring mail
 j - the cursed +0 buckler of Toth-Mos's Legacy (worn) {Evo, Comp}
   (You took it off a gnoll on level 6 of the Dungeon)

   It has a curse which improves the following skills: Evocations: Evocations.
   Companions: Summonings and Necromancy.
 l - a +3 ring mail (worn)
 p - the +2 pair of boots of Foolhardiness (worn) {Rampage rF++ Dex+4}
   (You found it on level 6 of the Dungeon)

   Dex:       It affects your dexterity (+4).
   rF:        It greatly protects you from fire.
   Rampage:   It bestows one free step when moving towards enemies.
 y - a +0 cloak (worn)
 B - a scarf of invisibility
Jewellery
 d - a +6 ring of intelligence (left hand)
 h - a +6 ring of dexterity
 k - a ring of see invisible
 q - a +5 ring of evasion (right hand)
Scrolls
 f - 2 scrolls of fog
 g - a scroll of torment {unknown}
 r - a scroll of enchant armour {unknown}
 t - 3 scrolls of teleportation
 w - 2 scrolls of fear
 C - a scroll of immolation
Potions
 c - a potion of haste
 n - 2 potions of curing
 o - 2 potions of lignification
 u - 4 potions of might
 v - a potion of resistance
 x - a potion of mutation {unknown}
 z - a potion of degeneration {unknown}
 A - a potion of magic {unknown}
 D - a potion of brilliance {unknown}


   Skills:
 + Level 5.4 Fighting
 * Level 7.3 Polearms
 + Level 4.5 Armour
 + Level 5.0 Dodging
 + Level 3.6 Shields
 - Level 2.0 Spellcasting
 - Level 3.0 Conjurations
 + Level 4.8(5.2) Summonings


You had 9 spell levels left.
You knew the following spells:

 Your Spells              Type           Power      Damage    Failure   Level
b - Call Canine Familiar  Summ           28%        N/A       11%         3

Your spell library contained the following spells:

 Spells                   Type           Power      Damage    Failure   Level
 Kiss of Death            Conj/Necr      40%        2d8       17%         1
 Momentum Strike          Conj/Tloc      20%        3d8       26%         2
 Apportation              Tloc           4%         N/A       30%         1
 Hailstorm                Conj/Ice       10%        3d5       45%         3
 Portal Projectile        Hex/Tloc       4%         N/A       67%         3
 Leda's Liquefaction      Hex/Erth       1%         N/A       97%         4
 Alistair's Intoxication  Tmut/Pois      1%         N/A       100%        5


Dungeon Overview and Level Annotations

Branches:
Dungeon (7/15)             Temple (1/1) D:5

Altars:
Ashenzari
Cheibriados
Dithmenos
Fedhas
Gozag
Hepliaklqana
Kikubaaqudgha
Makhleb
Nemelex Xobeh
Okawaru
Qazlal
Sif Muna
Trog
Uskayaw
Vehumet
Wu Jian
Xom
Yredelemnul


Innate Abilities, Weirdness & Mutations

You have a pair of horns on your head.
A weak demonic guardian rushes to your aid.


Message History

You headbutt the hound, but do no damage.
The hound is moderately wounded.
A hound comes into view.
An electric eel comes into view.
The electric eel shoots out a bolt of lightning at you!
The bolt of electricity hits you. The hound misses you.
You take 6 damage, and have 43/68 hp.
The electric eel shoots out a bolt of lightning at you!
The bolt of electricity hits you! The hound misses you.
You take 8 damage, and have 36/68 hp.
The hound attacks as you move away! The hound misses you.
The electric eel shoots out a bolt of lightning at you!
The bolt of electricity hits you!
The electric eel shoots out a bolt of lightning at you!
The bolt of electricity hits you.
* * * LOW HITPOINT WARNING * * *
The electric eel shoots out a bolt of lightning at you!
The bolt of electricity hits you.
* * * LOW HITPOINT WARNING * * *
You hear the faint creaking of a distant portcullis.
The electric eel shoots out a bolt of lightning at you!
The bolt of electricity hits you!
* * * LOW HITPOINT WARNING * * *
A demonic guardian appears!
The hound closely misses you.
You take 28 damage, and have 8/68 hp.
MASSIVE DAMAGE!!
The electric eel shoots out a bolt of lightning at you!
The bolt of electricity hits your quasit!
The bolt of electricity hits you.
* * * LOW HITPOINT WARNING * * *
You hear a howl!
You take 1 damage, and have 7/68 hp.
Okay, then.
As you read the scroll of fear, it crumbles to dust.
You assume a fearsome visage.
The hound looks frightened!
The electric eel looks frightened! x3
The electric eel shoots out a bolt of lightning at you!
The bolt of electricity hits your quasit!
Your quasit dies!
Your quasit disappears in a puff of smoke!
The bolt of electricity hits you!
You die...

.........#.........
.........#.........#
#...##...#.........#
######...#.........#
#........#.........#
#...##...#.........#
..>.#....#†........#
§........'.).......#
≈≈≈≈≈≈...#.)....@..#
....§≈...#.........#
.≈≈≈§≈...#...)...§.#####
.≈§≈.≈.+##......h.......
§§.≈.≈.. #..............
§§§≈.≈...+..............
§§§≈§≈.............~~~~~
≈.......~.~..~S≈~S≈
≈≈......~≈..≈~≈≈≈≈≈≈


You could see a hound (fleeing) and 2 electric eels.

Vanquished Creatures
  Grinder (D:5)
  Prince Ribbit (D:6)
  Sigmund (D:6)
  A wyvern (D:6)
  Duvessa (D:5)
  An ice beast (D:6)
  An ogre (D:7)
  3 black bears
  A centaur (D:7)
  A phantom (D:4)
  A bullfrog (D:8)
  A gnoll sergeant (D:5)
  3 scorpions
  Dowan (D:5)
  A howler monkey (D:6)
  4 hounds
  A jelly (D:7)
  2 orc priests
  A gnoll bouda (D:5)
  Jessica (D:2)
  An orc wizard (D:4)
  A sleepcap (D:6)
  2 iguanas
  8 gnolls
  2 adders
  2 shadow imps
  4 white imps
  An ufetubus (D:6)
  A worm (D:3)
  2 dart slugs (D:3)
  21 orcs
  8 ball pythons
  5 bats
  6 endoplasms
  3 goblins
  5 hobgoblins
  2 jackals (D:5)
  7 kobolds
  3 quokkas
  7 frilled lizards
  6 rats
125 creatures vanquished.

Vanquished Creatures (collateral kills)
  The ghost of kazekaze the Chopper, an amateur MiBe of Trog (D:4)
  A wyvern (D:7)
  An ice beast (D:4)
  2 bullfrogs
  A nameless horror (D:5)
  An iguana (D:7)
  2 orc wizards
  7 gnolls
  2 adders (D:5)
  3 orcs
21 creatures vanquished.

Vanquished Creatures (others)
  An orc (D:4)
1 creature vanquished.

Grand Total: 147 creatures vanquished

Notes
Turn   | Place    | Note
-------+----------+-------------------------------------------
     0 | D:1      | jasper the Demonspawn Reaver began the quest for the Orb.
     0 | D:1      | Reached XP level 1. HP: 16/16 MP: 3/3
   113 | D:3      | Gained mutation: You have a pair of small horns on your
                  | head. [demonic ancestry]
   113 | D:3      | Reached XP level 2. HP: 10/22 MP: 5/5
   219 | D:3      | Noticed a scorpion
   294 | D:2      | Reached skill level 3 in Polearms
   606 | D:2      | Reached XP level 3. HP: 26/27 MP: 6/6
   693 | D:2      | Learned a level 3 spell: Call Canine Familiar
   869 | D:2      | Noticed Jessica
   875 | D:2      | Killed Jessica
   876 | D:2      | Reached skill level 1 in Armour
  1123 | D:4      | Noticed a black bear
  1132 | D:4      | Killed a black bear
  1133 | D:4      | Reached skill level 1 in Summonings
  1133 | D:4      | Reached XP level 4. HP: 25/34 MP: 4/7
  1133 | D:4      | Reached XP level 5. HP: 29/40 MP: 4/8
  1217 | D:5      | Entered Level 5 of the Dungeon
  1421 | D:5      | Noticed Duvessa
  1429 | D:6      | Noticed a black bear
  1438 | D:6      | Killed a black bear
  1439 | D:6      | Reached skill level 4 in Polearms
  1439 | D:6      | Reached XP level 6. HP: 11/31 MP: 1/9
  1532 | D:6      | Noticed Prince Ribbit
  1612 | D:6      | Noticed Sigmund
  1628 | D:6      | Killed Sigmund
  1670 | D:6      | Reached XP level 7. HP: 13/25 MP: 5/10
  1777 | D:6      | Identified the +2 pair of boots of Foolhardiness {Rampage
                  | rF++ Dex+4}
  1948 | D:6      | Found a stormy altar of Qazlal.
  1949 | D:6      | Found a blossoming altar of Fedhas.
  1966 | D:6      | Found a sparkling altar of Nemelex Xobeh.
  1974 | D:7      | Noticed a wyvern
  1982 | D:6      | Killed a wyvern
  1983 | D:6      | Reached skill level 5 in Polearms
  2083 | D:5      | Noticed Dowan
  2083 | D:5      | Noticed Grinder
  2154 | D:6      | Killed Prince Ribbit
  2155 | D:6      | Reached skill level 1 in Shields
  2287 | D:6      | Gained mutation: You have a pair of horns on your head.
                  | [demonic ancestry]
  2287 | D:6      | Reached XP level 8. HP: 28/53 MP: 5/11
  2567 | D:3      | Found an iron altar of Okawaru.
  4065 | D:4      | Found a runed translucent door.
  4067 | D:4      | Noticed kazekaze's ghost (amateur MiBe)
  4446 | D:4      | Killed kazekaze's ghost
  4447 | D:4      | Reached skill level 6 in Polearms
  4609 | D:5      | Killed Duvessa
  4618 | D:5      | Killed Dowan
  4744 | D:5      | Found a staircase to the Ecumenical Temple.
  4755 | Temple   | Entered the Ecumenical Temple
  4760 | Temple   | Became a worshipper of Ashenzari the Shackled
  4779 | D:5      | Killed Grinder
  4780 | D:5      | Gained mutation: A weak demonic guardian rushes to your
                  | aid. [demonic ancestry]
  4780 | D:5      | Reached XP level 9. HP: 31/67 MP: 2/12
  5201 | D:4      | Reached skill level 5 in Fighting
  6218 | D:7      | Reached skill level 7 in Polearms
  6377 | D:7      | Found a radiant altar of Vehumet.
  6793 | D:7      | You fall into a shaft and drop 1 floor!
  6844 | D:8      | Found a shadowy altar of Dithmenos.
  6867 | D:8      | Reached skill level 5 in Dodging
  6901 | D:8      | Killed from afar by an electric eel

Illustrated notes

Levels and vault maps discovered:
D:1:      minmay_arrival_up_and_down, layout_loops_ring
D:2:      layout_basic, st_stairs_2, uniq_jessica
D:3:      layout_basic, mainiacjoe_overflow_surrounded_room
D:4:      layout_cave_pools, ebering_ghost_inner_flame, fountainhead,
          amcnicky_mini_pool_small
D:5:      layout_rooms, minmay_temple_entry_stoned_glass, uniq_duvessa,
          uniq_grinder
D:6:      layout_basic, grunt_temple_overflow_forces_of_nature,
          mainiacjoe_overflow_tiny_flanked, chequers_serial_rivers_small_3,
          uniq_sigmund, uniq_prince_ribbit1
D:7:      layout_layer_cave, fiery_altar_vehumet, uniq_maggie
D:8:      layout_gridville, mainiacjoe_overflow_catwalk_spiral,
          erik_lair_island, gammafunk_ghost_cemetery, enter_bailey_4,
          serial_shops, nicolae_take_the_stairs, uniq_maurice
Temple:   minmay_freezing_vapour_temple

Skill      XL: |  1  2  3  4  5  6  7  8  9 |
---------------+----------------------------+-----
Polearms       | 3 4 5 6 7 |  7.3
Dodging        | 2 3 4 5 |  5.0
Armour         | 1 2 3 4 |  4.5
Summonings     | 1 2 3 4 |  4.8
Fighting       | 3 4 5 |  5.4
Shields        | 1 2 3 |  3.6
Spellcasting   | |  2.0
Conjurations   | |  3.0

Action                     |  1- 3 |  4- 6 |  7- 9 || total
---------------------------+-------+-------+-------++-------
  Melee: Spear             |    79 |    60 |   491 ||   630
         Punch             |     1 |       |       ||     1
         Headbutt          |     7 |    12 |    99 ||   118
         Unarmed           |       |       |    16 ||    16
  Throw: Dart              |       |     2 |     5 ||     7
         Boomerang         |       |       |     2 ||     2
   Cast: Kiss of Death     |     3 |    10 |     4 ||    17
         Call Canine Famil |       |       |    24 ||    24
 Invoke: Curse Item        |       |       |     1 ||     1
  Evoke: Wand              |       |       |     3 ||     3
    Use: Scroll            |     4 |     3 |    11 ||    18
         Potion            |       |       |     3 ||     3
   Stab: Sleeping          |     1 |       |       ||     1
         Distracted        |       |       |     1 ||     1
 Armour: Leather armour    |    10 |       |       ||    10
         Ring mail         |     9 |    18 |   122 ||   149
         Skin              |       |       |    10 ||    10
  Dodge: Dodged            |    31 |    46 |   328 ||   405
  Block: Buckler           |       |     2 |   112 ||   114

Table legend: (Time is in decaauts)
 A = Elapsed time spent in this place.
 B = Non-inter-level travel time spent in this place.
 C = Inter-level travel time spent in this place.
 D = Time resting spent in this place.
 E = Time spent auto-exploring this place.
 F = Levels seen in this place.
 G = Mean time per level.
                   A        B        C        D        E       F      G
               +--------+--------+--------+--------+--------+-----+--------+
         Total |   6824 |   6409 |    415 |    748 |   3979 |   9 |  758.2 |
       Dungeon |   6814 |   6403 |    411 |    748 |   3979 |   8 |  851.8 |
        Temple |     10 |      6 |      4 |      0 |      0 |   1 |   10.0 |
               +--------+--------+--------+--------+--------+-----+--------+

Top non-repeatable levels by time:
     D:6: 1451 daAuts
     D:5: 1079 daAuts
     D:2: 979 daAuts
     D:4: 969 daAuts
     D:3: 927 daAuts
     D:7: 660 daAuts
     D:1: 642 daAuts
     D:8: 103 daAuts
  Temple: 10 daAuts
